 Dungeon Crawl Stone Soup version 0.28-a0-803-g74956062c1 (webtiles) character file.

Game seed: 1137292919996704536

65 DungeonMaster the Sneak (level 3, -2/27 HPs)
             Began as a Demonspawn Wanderer on Nov 7, 2021.
             Slain by a gnoll (5 damage)
             ... on level 2 of the Dungeon.
             The game lasted 00:02:21 (1965 turns).

DungeonMaster the Sneak (Demonspawn Wanderer)       Turns: 1965, Time: 00:02:21

Health: -2/27      AC: 12    Str: 11    XL:     3   Next: 94%
Magic:  3/3        EV:  2    Int: 13    God:
Gold:   58         SH:  0    Dex: 14    Spells: 2/2 levels left

rFire   . . .      SeeInvis .   a - +2 short sword (venom)
rCold   + . .      Faith    .   (no shield)
rNeg    . . .      Spirit   .   g - +0 plate armour
rPois   .          Reflect  .   (no helmet)
rElec   .          Harm     .   (no cloak)
rCorr   .          Rampage  .   (no gloves)
Will    .....                   (no boots)
Stlth   ..........              (no amulet)
HPRegen 0.09/turn               m - ring of protection from cold
MPRegen 0.08/turn               (no ring)

@: no status effects
A: thin metallic scales 1
a: no special abilities


You were on level 2 of the Dungeon.
You visited 1 branch of the dungeon, and saw 3 of its levels.

You collected 58 gold pieces.

Inventory:

Hand Weapons
 a - a +2 short sword of venom (weapon)
 h - a +2 vampiric dagger
Missiles
 d - 31 stones
 e - 10 sling bullets
 f - 19 arrows
 j - 23 poisoned darts
Armour
 g - a +0 plate armour (worn)
Jewellery
 m - a ring of protection from cold (left hand)
Potions
 b - a potion of haste
 c - a potion of lignification
 i - a potion of cancellation {unknown}
 k - a potion of resistance {unknown}
 l - a potion of curing


   Skills:
 * Level 2.2 Fighting
 - Level 1.0 Short Blades
 * Level 1.7 Armour
 * Level 1.7 Dodging
 - Level 5.4 Stealth
 - Level 1.0 Unarmed Combat
 - Level 1.0 Evocations


You had 2 spell levels left.
You didn't know any spells.
Your spell library was empty.

Dungeon Overview and Level Annotations

Branches:
Dungeon (3/15)

Altars:


Innate Abilities, Weirdness & Mutations

You are partially covered in thin metallic scales. (AC +2)


Message History

There is a stone staircase leading up here.
There is a stone staircase leading down here.
You climb downwards.
The gnoll shaman shouts!
The gnoll shouts! x3
There is a stone staircase leading up here.
There are monsters nearby!
The bat hits you but does no damage.
The gnoll shaman calls upon its god to speed up the gnoll.
The gnoll seems to speed up.
The gnoll completely misses you. The gnoll hits you with a +0 halberd.
The gnoll hits you but does no damage.
You climb upwards.
There is a stone staircase leading down here.
You hit the gnoll.
The gnoll is moderately wounded.
The gnoll hits you but does no damage. The gnoll hits you with a +0 whip.
The gnoll hits you with a +0 halberd. The gnoll hits you but does no damage.
You barely miss the gnoll.
The gnoll is moderately wounded.
The gnoll hits you but does no damage. x2; The gnoll hits you with a +0 flail.
The gnoll hits you but does no damage. x2
You hit the gnoll.
The gnoll is poisoned.
The gnoll is severely wounded.
The gnoll hits you but does no damage. x3
The gnoll hits you with a +0 halberd. The gnoll hits you but does no damage.
You hit the gnoll.
You kill the gnoll!
The gnoll hits you but does no damage. The gnoll completely misses you.
The gnoll hits you but does no damage.
You hit the gnoll but do no damage.
The gnoll is poisoned.
The gnoll hits you but does no damage. x2; The gnoll hits you with a +0 flail.
The gnoll hits you with a +0 club.
You hit the gnoll.
The gnoll is poisoned.
The gnoll is lightly wounded.
The gnoll hits you with a +0 club.
* * * LOW HITPOINT WARNING * * *
The gnoll hits you with a +0 whip.
* * * LOW HITPOINT WARNING * * *
The gnoll hits you but does no damage. The gnoll hits you with a +0 flail.
You die...

###### #.# #....# #.#
#....###############.#
#....'................
#....###############.#
#....# #.#
#...g###############.#
#...gg................
#..).@...............#
#.........##########.#
#####.....# #..
####### #.. #.. #..
###### #.. #....# #..
#....# #..


You could see 3 gnolls.

Vanquished Creatures
  A gnoll (D:2)
  2 adders (D:2)
  A dart slug (D:1)
  5 endoplasms
  2 giant cockroaches
  2 goblins
  4 hobgoblins
  6 kobolds
  A quokka (D:2)
  3 ball pythons
  3 bats
  2 rats (D:1)
32 creatures vanquished.

Notes
Turn   | Place    | Note
-------+----------+-------------------------------------------
     0 | D:1      | DungeonMaster the Demonspawn Wanderer began the quest for
                  | the Orb.
     0 | D:1      | DungeonMaster set off with the following items: a +2
                  | dagger, a potion of haste, a potion of lignification, a
                  | piece from Xom's chessboard (15/15), a +0 robe
     0 | D:1      | Reached XP level 1. HP: 15/15 MP: 1/1
   361 | D:1      | Gained mutation: You are partially covered in thin metallic
                  | scales. (AC +2) [demonic ancestry]
   361 | D:1      | Reached XP level 2. HP: 16/21 MP: 2/2
   463 | D:1      | Reached skill level 1 in Armour
   463 | D:1      | Reached skill level 1 in Dodging
  1041 | D:2      | Reached XP level 3. HP: 24/27 MP: 3/3
  1965 | D:2      | Slain by a gnoll

Illustrated notes

Levels and vault maps discovered:
D:1:      minmay_arrival_four_houses, layout_basic, chequers_garden,
          palyth_stone_intersect, corner_web_ring, serial_bayou_pond_e
D:2:      layout_basic
D:3:      layout_basic, gammafunk_ghost_stat_death, grunt_ministairs_11

Skill      XL: |  1  2  3 |
---------------+----------+-----
Armour         | 1 |  1.7
Dodging        | 1 |  1.7
Fighting       | 2 |  2.2
Short Blades   | |  1.0
Stealth        | |  5.4
Unarmed Combat | |  1.0
Evocations     | |  1.0

Action                   || total
-------------------------++-------
Melee: Dagger            ||   101
       Short sword       ||    21
  Use: Scroll            ||     4
Armor: Plate armour      ||   125
Dodge: Dodged            ||     7

Table legend: (Time is in decaauts)
 A = Elapsed time spent in this place.
 B = Non-inter-level travel time spent in this place.
 C = Inter-level travel time spent in this place.
 D = Time resting spent in this place.
 E = Time spent auto-exploring this place.
 F = Levels seen in this place.
 G = Mean time per level.
                   A        B        C        D        E       F      G
               +--------+--------+--------+--------+--------+-----+--------+
         Total |   1959 |   1862 |     97 |    509 |   1089 |   3 |  653.0 |
       Dungeon |   1959 |   1862 |     97 |    509 |   1089 |   3 |  653.0 |
               +--------+--------+--------+--------+--------+-----+--------+

Top non-repeatable levels by time:
     D:1: 1000 daAuts
     D:2: 957 daAuts
     D:3: 1 daAuts
